 Dungeon Crawl Stone Soup version 0.26-a0-837-g5a8a614f01 (webtiles) character file.

Game seed: 5875155624951368268

342 Peloso the Skirmisher (level 6, -10/56 HPs)
             Began as a Hill Orc Fighter on Nov 18, 2020.
             Mangled by an ogre
             ... wielding a +0 giant club
              (24 damage)
             ... on level 4 of the Dungeon.
             The game lasted 00:07:02 (3275 turns).

Peloso the Skirmisher (Hill Orc Fighter)            Turns: 3275, Time: 00:07:03

Health: -10/56     AC: 12    Str: 20    XL:     6   Next: 57%
Magic:  6/6        EV:  8    Int:  8    God:
Gold:   204        SH: 10    Dex: 11    Spells: 5/5 levels left

rFire    . . .     SeeInvis .   a - +1 long sword
rCold    . . .     Faith    .   c - +1 kite shield
rNeg     + . .     Spirit   .   q - +0 chain mail
rPois    +         Reflect  .   (no helmet)
rElec    .         Harm     .   e - +0 cloak
rCorr    .         Rampage  .   (no gloves)
MR       .....                  p - +0 pair of boots
Stlth    ..........             (no amulet)
HPRegen  0.18/turn              n - ring of positive energy
MPRegen  0.10/turn              g - ring of poison resistance

@: no status effects
A: repulsion field 1, mutation resistance 1
a: no special abilities


You were on level 4 of the Dungeon.
You visited 1 branch of the dungeon, and saw 4 of its levels.
You also visited: Sewer.

You collected 204 gold pieces.

Inventory:

Hand Weapons
 a - a +1 long sword (weapon)
 b - a +2 short sword of electrocution
Armour
 c - a +1 kite shield (worn)
 e - a +0 cloak (worn)
 p - a +0 pair of boots (worn)
 q - a +0 chain mail (worn)
Jewellery
 g - a ring of poison resistance (right hand)
 n - a ring of positive energy (left hand)
Scrolls
 d - 2 scrolls of remove curse
 h - 3 scrolls of teleportation
 l - 3 scrolls of magic mapping
 o - a scroll of identify {unknown}
Potions
 f - a potion of ambrosia
 j - 2 potions of invisibility {unknown}
 k - a potion of curing
 m - 2 potions of flight
 r - a potion of heal wounds {unknown}


   Skills:
 + Level 5.1 Fighting
 + Level 1.0(2.4) Short Blades
 + Level 4.0(4.1) Long Blades
 + Level 4.8 Armour
 + Level 0.8 Dodging
 + Level 0.1 Stealth
 + Level 4.6 Shields


You had 5 spell levels left.
You didn't know any spells.
Your spell library was empty.

Dungeon Overview and Level Annotations

Branches:
Dungeon (4/15)              Sewer (visited)
 Temple: D:4-7

Altars:


Innate Abilities, Weirdness & Mutations

You are surrounded by a mild repulsion field. (EV +2)
You are somewhat resistant to further mutation.


Message History

You block the ogre's attack.
You barely miss the ogre.
The ogre is moderately wounded.
You barely miss the ogre.
The ogre is moderately wounded.
The ogre hits you with a +0 giant club.
You hit the ogre but do no damage.
The ogre is moderately wounded.
The ogre hits you with a +0 giant club.
You slash the ogre!
The ogre is severely wounded.
The ogre hits you with a +0 giant club.
You closely miss the ogre.
The ogre is severely wounded.
The ogre hits you with a +0 giant club.
* * * LOW HITPOINT WARNING * * *
You barely miss the ogre.
The ogre is severely wounded.
The ogre hits you with a +0 giant club!!
You die...

##
...#+#+###########
........<#.......#
........##.#####.#
........'..# #.#
........#### #@#
######### #O# #.#
#.# #.# ..# ...
..#


You could see an ogre.

Vanquished Creatures
  Purgy (Sewer)
  A scorpion (D:2)
  An orc wizard (D:3)
  8 adders
  An ooze (D:1)
  2 worms (D:3)
  3 dart slugs
  2 leopard geckos (D:3)
  7 orcs
  6 bats
  13 giant cockroaches
  4 goblins
  8 hobgoblins
  13 kobolds
  A quokka (D:3)
  5 frilled lizards
  5 rats
81 creatures vanquished.

Notes
Turn   | Place    | Note
-------+----------+-------------------------------------------
     0 | D:1      | Peloso the Hill Orc Fighter began the quest for the Orb.
     0 | D:1      | Reached XP level 1. HP: 19/19 MP: 1/1
   159 | D:1      | Reached skill level 4 in Fighting
   165 | D:1      | You fall into a shaft and drop 1 floor!
   232 | D:2      | Reached XP level 2. HP: 27/27 MP: 2/2
   453 | D:2      | Reached XP level 3. HP: 25/34 MP: 3/3
   502 | D:2      | Gained mutation: You are surrounded by a mild repulsion
                  | field. (EV +2) [potion of mutation]
   502 | D:2      | Gained mutation: You are somewhat resistant to further
                  | mutation. [potion of mutation]
   554 | D:2      | Noticed a scorpion
   559 | D:2      | Killed a scorpion
   560 | D:2      | Reached XP level 4. HP: 33/41 MP: 4/4
  1800 | D:1      | Reached XP level 5. HP: 47/47 MP: 5/5
  2027 | D:3      | Reached skill level 1 in Short Blades
  2098 | D:3      | Found a glowing drain.
  2116 | Sewer    | Entered a sewer
  2195 | Sewer    | Noticed Purgy
  2211 | Sewer    | Killed Purgy
  2212 | Sewer    | Reached skill level 5 in Fighting
  2212 | Sewer    | Reached XP level 6. HP: 25/56 MP: 6/6
  3275 | D:4      | Mangled by an ogre

Illustrated notes

Levels and vault maps discovered:
D:1:      lemuel_arrival_funnel, layout_basic
D:2:      layout_loops_ring
D:3:      layout_loops_ring, gup_sewer_entry_pipe, serial_glass,
          glass_columns_a, glass_columns_a, grunt_ministairs_8
D:4:      layout_basic, serial_shops, shop

Skill      XL: |  1  2  3  4  5  6 |
---------------+-------------------+-----
Fighting       | 4 5 |  5.1
Shields        | 4 |  4.6
Armour         | 4 |  4.8
Short Blades   | 1 |  1.0
Long Blades    | 3 4 |  4.0
Dodging        | |  0.8
Stealth        | |  0.1

Action                   |  1- 3 |  4- 6 || total
-------------------------+-------+-------++-------
Melee: Long sword        |    36 |   180 ||   216
       Short sword       |     5 |    50 ||    55
  Use: Potion            |     1 |     5 ||     6
       Scroll            |       |     6 ||     6
Armor: Scale mail        |    27 |    73 ||   100
       Chain mail        |       |     8 ||     8
Dodge: Dodged            |    21 |    89 ||   110
Block: Kite shield       |    21 |   140 ||   161
       Rpst.: Long sword |     5 |    25 ||    30

Table legend: (Time is in decaauts)
 A = Elapsed time spent in this place.
 B = Non-inter-level travel time spent in this place.
 C = Inter-level travel time spent in this place.
 D = Time resting spent in this place.
 E = Time spent auto-exploring this place.
 F = Levels seen in this place.
 G = Mean time per level.
                   A        B        C        D        E       F      G
               +--------+--------+--------+--------+--------+-----+--------+
         Total |   3357 |   3258 |     99 |      0 |   2427 |   5 |  671.4 |
       Dungeon |   3040 |   2941 |     99 |      0 |   2181 |   4 |  760.0 |
         Sewer |    317 |    317 |      0 |      0 |    246 |   1 |  317.0 |
               +--------+--------+--------+--------+--------+-----+--------+

Top non-repeatable levels by time:
     D:1: 1111 daAuts
     D:3: 969 daAuts
     D:2: 930 daAuts
   Sewer: 317 daAuts
     D:4: 29 daAuts
